 Dungeon Crawl Stone Soup version 0.25.1-2-g60ff931df9 (webtiles) character file.

Game seed: 10192257705297906626

66 sking75 the Digger (level 3, -3/28 HPs)
             Began as a Draconian Earth Elementalist on Aug 4, 2020.
             Killed from afar by Sigmund (7 damage)
             ... with a puff of flame
             ... on level 2 of the Dungeon.
             The game lasted 00:05:10 (1691 turns).

sking75 the Digger (Draconian Earth Elementalist)   Turns: 1691, Time: 00:05:11

Health: -3/28      AC:  7    Str: 10    XL:     3   Next: 96%
Magic:  3/6        EV: 12    Int: 16    God:
Gold:   50         SH:  0    Dex: 11    Spells: 1/7 levels left

rFire    . . .     SeeInvis .   (no weapon)
rCold    . . .     Gourm    .   (no shield)
rNeg     . . .     Faith    .   (armour unavailable)
rPois    .         Spirit   .   g - +2 hat
rElec    .         Reflect  .   (no cloak)
rCorr    .         Harm     .   (no gloves)
MR       .....                  (no boots)
Stlth    ++........             (no amulet)
HPRegen  0.09/turn              (no ring)
MPRegen  0.10/turn              (no ring)

@: no status effects
A: unfitting armour, cold-blooded, AC +5
a: no special abilities


You were on level 2 of the Dungeon.
You were not hungry.

You visited 1 branch of the dungeon, and saw 2 of its levels.

You collected 50 gold pieces.

Inventory:

Missiles
 b - 62 stones (quivered)
Armour
 g - a +2 hat (worn)
Scrolls
 a - a scroll of blinking {unknown}
 e - a scroll of identify {unknown}
Potions
 d - a potion of curing {unknown}
 f - 2 potions of might {unknown}
 h - a potion of ambrosia {unknown}
 i - 2 potions of cancellation {unknown}
 k - a potion of haste {unknown}
Comestibles
 c - 4 rations
 j - 4 chunks of flesh


   Skills:
 + Level 1.2 Fighting
 - Level 2.0 Dodging
 - Level 2.0 Stealth
 + Level 2.6 Spellcasting
 + Level 0.6 Conjurations
 - Level 1.0 Transmutations
 * Level 3.8 Earth Magic


You had one spell level left.
You knew the following spells:

 Your Spells              Type           Power        Failure   Level  Hunger
a - Sandblast             Erth           ##....       4%          1    #......
b - Passwall              Tmut/Erth      #.......     11%         2    ##.....
c - Stone Arrow           Conj/Erth      #.....       24%         3    ###....

Your spell library contained the following spells:

 Spells                   Type           Power        Failure   Level  Hunger
 Petrify                  Tmut/Erth      #.......     58%         4    #####..
 Lee's Rapid Deconstruct  Erth           ##........   75%         5    ######.


Dungeon Overview and Level Annotations

Branches:
Dungeon (2/15)

Altars:

Annotations:
D:2 Sigmund


Innate Abilities, Weirdness & Mutations

Your plain brown scales are hard. (AC +5)
You cannot fit into any form of body armour.
You are cold-blooded and may be slowed by cold attacks.


Message History

b - 63 stones Sigmund hits you from afar with a +0 scythe!
Ouch! That really hurt!
* * * LOW HITPOINT WARNING * * *
Casting: Sandblast (safe; 4% risk of failure)
Confirm with . or Enter, or press ? or * to list all spells.
Aiming: Sandblast (safe; 4% risk of failure)
Press: ? - help, Shift-Dir - straight line, f/p - Sigmund
Aim: Sigmund, wielding a +0 scythe and wearing a +0 robe (moderately wounded)
The blast of sand hits Sigmund!
Sigmund is severely wounded.
b - 62 stones Sigmund gestures wildly while chanting.
Sigmund flickers and vanishes!
Deactivating autopickup; reactivate with Ctrl-A.
You see here an adder skeleton.
Found a scroll labeled HOERHA SIEST.
A puff of flame appears from out of thin air!
The puff of flame hits you!
You die...

...#####....##....###
.....÷...........>..?
...#####....##....#
...# #....##....#
#### #........#
#.....{..# #......÷.#
####
####.....####.#..#
######@....#..#
#.#####..# #.# #..#
#.#####.÷#
######.#......#
.............#.### ##
........#.##.#...# .#
........#.#....#.#
.####
........#.#...<..#


There were no monsters in sight!

Vanquished Creatures
  2 adders (D:2)
  2 dart slugs (D:1)
  A leopard gecko (D:1)
  A bat (D:1)
  2 giant cockroaches (D:1)
  3 hobgoblins
  7 jackals
  3 ball pythons (D:1)
  2 frilled lizards
  2 goblins
  7 kobolds
  12 rats (D:1)
44 creatures vanquished.

Notes
Turn   | Place    | Note
-------+----------+-------------------------------------------
     0 | D:1      | sking75 the Draconian Earth Elementalist began the quest
                  | for the Orb.
     0 | D:1      | Reached XP level 1. HP: 14/14 MP: 3/3
   233 | D:1      | Reached XP level 2. HP: 20/20 MP: 3/5
   280 | D:1      | Learned a level 2 spell: Passwall
   767 | D:1      | Reached XP level 3. HP: 20/27 MP: 0/6
   772 | D:1      | Learned a level 3 spell: Stone Arrow
  1253 | D:2      | Reached skill level 1 in Fighting
  1638 | D:2      | Noticed Sigmund
  1691 | D:2      | Killed from afar by Sigmund

Illustrated notes

Levels and vault maps discovered:
D:1:      minmay_arrival_stair_chambers, layout_basic, minmay_shallow_snake_nest
D:2:      layout_basic, due_unseen_surprise, uniq_sigmund,
          uniq_crazy_yiuf_cottage

Skill      XL: |  1  2  3 |
---------------+----------+-----
Stealth        | 2 |  2.0
Dodging        | 2 |  2.0
Fighting       | 1 |  1.2
Spellcasting   | |  2.6
Conjurations   | |  0.6
Transmutations | |  1.0
Earth Magic    | |  3.8

Action                   || total
-------------------------++-------
Melee: Unarmed           ||    19
 Cast: Sandblast         ||    69
  Eat: Chunk             ||     3
Armor: Skin              ||    14
Dodge: Dodged            ||    30
